 Dungeon Crawl Stone Soup version 0.18.1-6-gd335043 (webtiles) character file.

72 m0ast the Charmwright (level 4, 0/37 HPs)
             Began as a Ghoul Skald on May 17, 2016.
             Slain by a gnoll
             ... wielding a +0 whip
              (7 damage)
             ... on level 2 of the Dungeon.
             The game lasted 00:06:01 (2302 turns).

m0ast the Charmwright (Ghoul Skald)                 Turns: 2302, Time: 00:06:01

Health: 0/37       AC:  3    Str: 16    XL:     4   Next: 26%
Magic:  0/5        EV: 11    Int:  7    God:
Gold:   98         SH:  0    Dex:  8    Spells: 2 memorised, 3 levels left

rFire  . . .     SeeInvis .       - Unarmed
rCold  + . .     Gourm    .     o - +0 leather armour
rNeg   + + +     Faith    .     (no shield)
rPois  ∞         Spirit   .     (no helmet)
rElec  .         Dismiss  .     (no cloak)
rCorr  .         Reflect  .     (no gloves)
SustAt .         Harm     .     (no boots)
MR     .....                    (no amulet)
Stlth  +.........               (no ring)
                                (no ring)

@: very slightly contaminated, rotting, hasted, very quick, not resistant to
hostile enchantments, very unstealthy
A: rotting body, claws 1, carnivore 3, cold resistance 1, negative energy
resistance 3, slow regeneration 1, torment resistance, unbreathing
a: no special abilities


You were on level 2 of the Dungeon.
You were not hungry.

You visited 1 branch of the dungeon, and saw 2 of its levels.

You collected 98 gold pieces.

Inventory:

Armour
 a - a +0 leather armour
 o - a +0 leather armour (worn)
Jewellery
 m - an uncursed amulet of rage {unknown}
Scrolls
 g - a scroll of enchant armour {unknown}
 h - a scroll of remove curse {unknown}
 n - 2 scrolls of identify {unknown}
Potions
 d - a potion of invisibility {unknown}
 e - a potion of haste
 f - a potion of ambrosia {unknown}
 k - a potion of flight {unknown}
 l - a potion of cure mutation {unknown}
Books
 b - a book of Battle

   Spells                             Type                      Level
   a - Infusion                       Charms                       1
   b - Shroud of Golubria             Charms/Translocation         2
   c - Song of Slaying                Charms                       2
   d - Spectral Weapon                Hexes/Charms                 3
   e - Regeneration                   Charms/Necromancy            3
Comestibles
 c - a meat ration
 i - a chunk of flesh
 j - a beef jerky


   Skills:
 + Level 2.5 Fighting
 + Level 1.5 Armour
 * Level 2.0 Dodging
 + Level 1.0 Stealth
 * Level 2.8 Unarmed Combat
 + Level 1.9 Spellcasting
 + Level 3.0 Charms


You had 3 spell levels left.
You knew the following spells:

 Your Spells              Type           Power        Failure   Level  Hunger
a - Infusion              Chrm           #...         14%         1    ##.....
b - Song of Slaying       Chrm           #.......     21%         2    ###....


Dungeon Overview and Level Annotations

Branches:
Dungeon (2/15)

Altars:


Innate Abilities, Weirdness & Mutations

Your body is rotting away.
You thrive on raw meat.
You are immune to poison.
You have sharp fingernails.
You are carnivorous and can eat meat at any time.
Your flesh is cold resistant.
You are immune to negative energy.
You regenerate slowly when monsters are visible.
You are immune to unholy pain and torment.
You can survive without breathing.


Message History

The air around you crackles with energy!
The gnoll barely misses you.
You closely miss the gnoll.
The giant cockroach waves its antennae.
The gnoll hits you with a whip!
You barely miss the gnoll. The gnoll closely misses you.
You scratch the gnoll but do no damage. The gnoll misses you.
You scratch the gnoll. Your claw misses the gnoll.
The gnoll is moderately wounded.
The gnoll hits you with a whip.
You completely miss the gnoll.
The gnoll is moderately wounded.
The gnoll hits you with a whip!
* * * LOW HITPOINT WARNING * * *
You scratch the gnoll but do no damage.
The gnoll is moderately wounded.
The gnoll barely misses you.
It was a potion of haste.
You feel yourself speed up. The gnoll hits you with a whip!
You die...

#### #.!.## l(..)# ##
Sb?..# #. ### Kbs..#.
#.##.###gww.##.
#.#...)@###+#.#
#.##.###'##...#
#..#####..##..#######
#....#....#..#......
#.##.'...÷#.....#######
#.##.##..##............
#.##..####......#######
#.##.......#)#.##
#..÷..###.##.#.#


You could see 2 worms, a gnoll, an adder, a giant cockroach, 2 bats, a kobold
and a giant newt.

Vanquished Creatures
  3 adders (D:2)
  An ooze (D:2)
  A dart slug (D:2)
  2 giant geckos
  2 bats (D:2)
  3 giant cockroaches (D:2)
  4 goblins (D:1)
  3 hobgoblins
  7 jackals
  2 kobolds (D:2)
  A ball python (D:1)
  A giant newt (D:1)
  3 rats
33 creatures vanquished.

Notes
Turn   | Place    | Note
--------------------------------------------------------------
     0 | D:1      | m0ast the Ghoul Skald began the quest for the Orb.
     0 | D:1      | Reached XP level 1. HP: 17/17 MP: 2/2
   544 | D:1      | Reached skill level 1 in Dodging
   806 | D:1      | Reached XP level 2. HP: 25/25 MP: 0/3
   814 | D:1      | Learned a level 2 spell: Song of Slaying
  1264 | D:1      | Reached skill level 1 in Armour
  1719 | D:2      | Reached XP level 3. HP: 25/29 MP: 0/4
  2292 | D:2      | Reached skill level 1 in Stealth
  2292 | D:2      | Reached XP level 4. HP: 24/37 MP: 0/5
  2294 | D:2      | Reached skill level 3 in Charms
  2302 | D:2      | Slain by a gnoll

Skill      XL: |  1  2  3  4 |
---------------+-------------+-----
Dodging        | 1 2 |  2.0
Armour         | 1 |  1.5
Stealth        | 1 |  1.0
Charms         | 3 |  3.0
Fighting       | |  2.5
Unarmed Combat | |  2.8
Spellcasting   | |  1.9

Action                   |  1- 3 |  4- 6 || total
-------------------------+-------+-------++-------
Melee: Unarmed           |   120 |     8 ||   128
       Punch             |     1 |       ||     1
 Cast: Infusion          |    13 |       ||    13
       Song of Slaying   |     4 |       ||     4
  Use: Potion            |       |     1 ||     1
  Eat: Chunk             |    10 |       ||    10
       Meat ration       |     1 |       ||     1
Armor: Leather armour    |    32 |     2 ||    34
Dodge: Dodged            |    99 |     4 ||   103
